 Dungeon Crawl Stone Soup version 0.29.1-15-g9cfb28693d (webtiles) character file.

Game seed: 6383313870038453531

231 Ishowmeat the Chopper (level 5, -1/45 HPs)
             Began as a Minotaur Gladiator on Aug 21, 2023.
             Was an Initiate of Hepliaklqana.
             Slain by a gnoll
             ... wielding a +0 halberd
             ... led by a gnoll bouda
              (8 damage)
             ... on level 4 of the Dungeon on Aug 22, 2023.
             The game lasted 00:12:54 (3058 turns).

Ishowmeat the Chopper (Minotaur Gladiator)          Turns: 3058, Time: 00:12:54

Health: -1/45      AC: 16    Str: 20    XL:     5   Next: 73%
Magic:  4/4        EV:  3    Int:  5    God:    Hepliaklqana [......]
Gold:   166        SH:  0    Dex: 12    Spells: 4/4 levels left

rFire   . . .      SeeInvis .   a - +0 war axe
rCold   . . .      Faith    .   (no shield)
rNeg    . . .      Spirit   .   t - +0 crystal plate armour
rPois   .          Reflect  .   c - +0 hat
rElec   .          Harm     .   (no cloak)
rCorr   .          Rampage  .   (no gloves)
Will    .....                   (no boots)
Stlth   ..........              (no amulet)
HPRegen 0.15/turn               (no ring)
MPRegen 0.09/turn               (no ring)

@: mighty, weakened
A: horns 2, retaliatory headbutt
a: Renounce Religion


You were on level 4 of the Dungeon.
You worshipped Hepliaklqana.
Hepliaklqana was noncommittal.
You visited 2 branches of the dungeon, and saw 5 of its levels.

You collected 166 gold pieces.

Inventory:

Hand Weapons
 a - a +0 war axe (weapon)
 f - a +0 halberd
 h - a +0 short sword
 j - a +0 sling
 w - a +0 spear
Missiles
 d - 3 throwing nets (quivered)
 e - a javelin
 n - 31 stones
Armour
 c - a +0 hat (worn)
 t - a +0 crystal plate armour (worn)
 u - a +0 animal skin
 v - a +0 barding
Jewellery
 x - a ring of resist corrosion
Wands
 o - a wand of flame (9)
Scrolls
 g - 3 scrolls of teleportation
 k - a scroll of poison {unknown}
 m - a scroll of vulnerability
 p - a scroll of amnesia
 q - a scroll of brand weapon {unknown}
 s - a scroll of silence {unknown}
 y - a scroll of fear {unknown}
 A - a scroll of identify
Potions
 b - a potion of haste
 i - a potion of might
 l - a potion of lignification {unknown}
 r - 2 potions of resistance
 z - a potion of attraction


   Skills:
 + Level 3.2 Fighting
 + Level 5.6 Axes
 + Level 2.1 Throwing
 + Level 3.8 Armour
 + Level 4.0 Dodging
 + Level 0.1 Evocations


You had 4 spell levels left.
You didn't know any spells.
Your spell library contained the following spells:

 Spells                   Type           Power      Damage    Failure   Level
 Ensorcelled Hibernation  Hex/Ice        0%         N/A       100%        2
 Passwall                 Tmut/Erth      0%         N/A       100%        2
 Swiftness                Air            0%         N/A       100%        3


Dungeon Overview and Level Annotations

Branches:
Dungeon (4/15)             Temple (1/1) D:4

Altars:
Ashenzari
Cheibriados
Dithmenos
Elyvilon
Fedhas
Gozag
Hepliaklqana
Kikubaaqudgha
Makhleb
Nemelex Xobeh
Qazlal
Sif Muna
Uskayaw
Vehumet
Wu Jian
Xom
Yredelemnul
Zin
The Shining One

Shops:
D:2 *


Innate Abilities, Weirdness & Mutations

You have a pair of horns on your head.
You reflexively headbutt those who attack you in melee.


Message History

The gnoll bouda hits you but does no damage.
You hit the gnoll bouda. You headbutt the gnoll bouda!
The gnoll bouda is heavily wounded.
The gnoll hits you from afar with a +0 halberd.
The gnoll bouda hits you but does no damage.
You hit the gnoll bouda. You headbutt the gnoll bouda.
The gnoll bouda is severely wounded.
The gnoll hits you but does no damage.
The gnoll bouda prays to its god.
The gnoll bouda is healed somewhat.
The gnoll bouda barely misses you. You furiously retaliate!
You headbutt the gnoll bouda, but do no damage.
The gnoll hits you from afar with a +0 halberd.
You closely miss the gnoll bouda. Your headbutt misses the gnoll bouda.
You punch the gnoll bouda, but do no damage.
The gnoll bouda is heavily wounded.
The gnoll barely misses you.
The gnoll bouda hits you but does no damage.
You hit the gnoll bouda but do no damage.
You headbutt the gnoll bouda.
The gnoll bouda is severely wounded.
The gnoll hits you from afar with a +0 halberd.
* * * LOW HITPOINT WARNING * * *
The gnoll bouda hits you with a +0 falchion.
* * * LOW HITPOINT WARNING * * *
You hit the gnoll bouda.
The gnoll bouda is severely wounded.
The gnoll hits you from afar with a +0 halberd.
* * * LOW HITPOINT WARNING * * *
The gnoll bouda gazes fiercely through you!
You feel as though you will be weak longer.
The gnoll bouda hits you but does no damage.
You feel very mighty all of a sudden. The gnoll barely misses you.
The gnoll bouda barely misses you.
You slash the gnoll bouda!
You kill the gnoll bouda!
The gnoll hits you from afar with a +0 halberd.
* * * LOW HITPOINT WARNING * * *
The gnoll hits you from afar with a +0 halberd!
You die...

### #.....####
##.####......#.## ##..
#.....##........# .....
###...............##..)..
#..##............##.....)
...#...............#.....
##.......................
##......###..............
........###....)@...##..
........##..#...)).......
####.##.###.....g##.####.
# ### ..##...##.# ..# #
### ..#..##.... ...
#....# ....###........
...... ....#.# #.........
.......###.#.# ........^#
...... ..... ........


You could see a gnoll (swift).

Vanquished Creatures
  A scorpion (D:4)
  A gnoll bouda (D:4)
  5 gnolls
  Robin (D:3)
  4 adders
  A worm (D:3)
  An endoplasm (D:1)
  10 goblins
  4 hobgoblins
  5 jackals (D:3)
  5 ball pythons
  4 bats
  4 frilled lizards
  4 kobolds
  7 rats
  4 butterflies (D:1)
61 creatures vanquished.

Vanquished Creatures (others)
  3 fungi (D:4)
  6 plants (D:1)
9 creatures vanquished.

Grand Total: 70 creatures vanquished

Notes
Turn   | Place    | Note
-------+----------+-------------------------------------------
     0 | D:1      | Ishowmeat the Minotaur Gladiator began the quest for the
                  | Orb.
     0 | D:1      | Reached XP level 1. HP: 18/18 MP: 0/0
   408 | D:1      | Reached XP level 2. HP: 25/25 MP: 1/1
   624 | D:1      | Found a faded altar of an unknown god.
   966 | D:1      | Prayed at the altar of an unknown god.
   966 | D:1      | Became a worshipper of Elyvilon the Healer
   966 | D:1      | Reached * piety under Elyvilon
  1157 | D:2      | Found Vopt's Assorted Antiques.
  1268 | D:2      | Reached skill level 4 in Axes
  1268 | D:2      | Reached skill level 1 in Armour
  1268 | D:2      | Reached XP level 3. HP: 28/30 MP: 2/2
  1536 | D:3      | Noticed Robin
  1541 | D:3      | Killed Robin
  1741 | D:3      | Reached XP level 4. HP: 9/37 MP: 3/3
  2041 | D:3      | Found a hazy altar of Hepliaklqana.
  2052 | D:3      | Found an ancient bone altar of Kikubaaqudgha.
  2058 | D:3      | Found a broken altar of Ashenzari.
  2086 | D:3      | Fell from the grace of Elyvilon
  2086 | D:3      | Became a worshipper of Hepliaklqana the Forgotten
  2639 | D:4      | Found a staircase to the Ecumenical Temple.
  2657 | Temple   | Entered the Ecumenical Temple
  2918 | D:4      | Found a shimmering altar of Xom.
  2971 | D:4      | Noticed a scorpion
  2980 | D:4      | Killed a scorpion
  2981 | D:4      | Reached skill level 5 in Axes
  2981 | D:4      | Reached XP level 5. HP: 45/45 MP: 4/4
  3058 | D:4      | Slain by a gnoll

Illustrated notes

Levels and vault maps discovered:
D:1:      minmay_arrival_glassed_features, layout_loops_cross,
          hellmonk_ecumenical_altar_zigzags, minmay_misc_feat_hallway,
          hangedman_glass_garden, minmay_pentomino_r2
D:2:      layout_rooms, serial_shops, shop
D:3:      layout_loops_ring, minmay_overflow_temple_star_quad, uniq_robin
D:4:      layout_cave_pools, mainiacjoe_overflow_alcove_4,
          minmay_temple_entry_stoned_glass, uniq_menkaure, uniq_grinder,
          uniq_pikel, uniq_crazy_yiuf_cottage
Temple:   bh_familiar_temple

Skill      XL: |  1  2  3  4 |
---------------+-------------+-----
Axes           | 4 5 |  5.6
Armour         | 1 2 3 |  3.8
Dodging        | 4 |  4.0
Fighting       | 3 |  3.2
Throwing       | |  2.1
Evocations     | |  0.1

Action                   |  1- 3 |  4- 6 || total
-------------------------+-------+-------++-------
Melee: War axe           |    82 |    52 ||   134
       Headbutt          |    10 |    13 ||    23
       Punch             |       |     2 ||     2
Evoke: Wand              |       |     3 ||     3
  Use: Potion            |     3 |     1 ||     4
       Scroll            |     2 |     7 ||     9
Armor: Scale mail        |    13 |       ||    13
       Crystal plate arm |    52 |    58 ||   110
Dodge: Dodged            |    31 |    15 ||    46
